AoeStats
← KootH.

African Clearing

505580438Analyzed
4v4 RM · 22d ago on Sep 10, 2026· 55m 59s· 8 players
Game mode
Random Map
Map size
Large (8 player)
Population
200
Speed
Normal
Resources
Standard
Victory
Conquest
Starting age
Dark Age
Ending age
Imperial Age
RankedLock teamsTeams togetherTeam positionsShared explorationLock speedFull tech treeHidden civsTurbo modeCheats
Victory
Defeat
🇨🇴 Berbers · Colombia
1402
+14
🇦🇷 Mongols · Argentina
1353
+16
🇦🇷 Khmer · Argentina
1350
+16
🇦🇷 Spanish · Argentina
1288
+18
🇨🇴 Vietnamese · Colombia
1469
-22
🇲🇽 Franks · Mexico
1336
-15
🇲🇽 Mapuche · Mexico
1335
-15
🇲🇽 Persians · Mexico
1244
-12
Mancaldito
5:11 Loom
12:34 Feudal Age
13:11 Double-Bit Axe
14:47 Fletching
17:00 Gold Mining
17:48 Wheelbarrow
21:13 Horse Collar
21:55 Padded Archer Armor
21:58 Town Watch
26:55 Castle Age
27:05 Crossbowman
32:20 Heavy Plow
32:39 Bow Saw
Shaka GNU/Linux
3:49 Loom
15:11 Feudal Age
16:36 Double-Bit Axe
16:45 Gold Mining
18:59 Castle Age
17:15 Fletching
17:35 Horse Collar
18:50 Padded Archer Armor
20:18 Bodkin Arrow
21:48 Wheelbarrow
29:24 Leather Archer Armor
31:17 Heavy Plow
31:30 Bow Saw
36:45 Imperial Age
40:30 Conscription
52:09 Onager
davoAri
11:11 Loom
13:29 Feudal Age
22:09 Forging
21:50 Fletching
26:26 Castle Age
40:08 Town Watch
[GDL]Cemento
8:11 Loom
23:49 Feudal Age
31:12 Castle Age
30:57 Double-Bit Axe
30:57 Horse Collar
devellabs
4:28 Loom
15:16 Feudal Age
19:12 Castle Age
17:08 Stone Mining
17:33 Double-Bit Axe
19:47 Horse Collar
31:35 Fletching
33:14 Bloodlines
33:17 Heavy Plow
33:38 Scale Barding Armor
35:02 Chain Barding Armor
35:17 Husbandry
40:04 Imperial Age
38:37 Bodkin Arrow
39:45 Forging
39:50 Light Cavalry
40:08 Elite Conquistador
43:55 Plate Barding Armor
44:17 Wheelbarrow
43:54 Bow Saw
43:35 Gold Mining
44:11 Conscription
43:50 Hussar
47:08 Hand Cart
49:02 Iron Casting
49:29 Two-Man Saw
49:07 Stone Shaft Mining
48:26 Town Watch
52:38 Town Patrol
52:16 Spies/Treason
55:35 Sappers
c_Roi
8:05 Loom
30:02 Feudal Age
30:30 Double-Bit Axe
31:24 Wheelbarrow
30:42 Gold Mining
34:11 Castle Age
36:33 Bow Saw
40:05 Imperial Age
38:17 Gold Shaft Mining
42:20 Heavy Scorpion
44:52 Chemistry
44:26 Horse Collar
47:53 Ballistics
54:49 Hand Cart
PSX | Cristov
7:39 Loom
14:31 Feudal Age
18:19 Castle Age
16:16 Double-Bit Axe
19:22 Bow Saw
20:15 Fletching
21:02 Bodkin Arrow
22:08 Padded Archer Armor
22:05 Gold Mining
26:36 Ballistics
32:38 Leather Archer Armor
38:35 Horse Collar
43:50 Wheelbarrow
53:41 Imperial Age
53:43 Spies/Treason
KootH.
3:37 Loom
11:58 Feudal Age
21:32 Double-Bit Axe
22:26 Fletching
24:14 Padded Archer Armor
24:01 Horse Collar
25:18 Wheelbarrow
31:01 Castle Age
30:11 Bloodlines
31:06 Elite Skirmisher
31:42 Bodkin Arrow
32:03 Town Watch
32:42 Bow Saw
42:39 Hand Cart
42:26 Heavy Plow
45:48 Ballistics
45:49 Husbandry
45:10 Light Cavalry
47:03 Leather Archer Armor
50:50 Imperial Age
49:14 Town Patrol
51:00 Scale Barding Armor
51:06 Forging
50:53 Hussar
52:09 Chain Barding Armor
52:42 Crop Rotation
53:31 Iron Casting
55:53 Chemistry
54:31 Spies/Treason
Connection lost

Rejoining the realm…

Still unreachable

The connection could not be restored.

Session expired

The server has moved on; the page needs a fresh start.